 Dungeon Crawl Stone Soup version 0.29.1-2-gbd0b4ee654 (webtiles) character file.

Game seed: 8070666003522398771

938 xian the Caller (level 7, -11/47 (51) HPs)
             Began as a Demonspawn Summoner on Nov 3, 2022.
             Mangled by a wight
             ... wielding a +3 battleaxe
              (15 damage)
             ... on level 6 of the Dungeon.
             The game lasted 00:13:52 (3118 turns).

xian the Caller (Demonspawn Summoner)               Turns: 3118, Time: 00:13:54

HP:   -11/47 (51)   AC:  6    Str:  9    XL:     7   Next: 87%
MP:   0/12          EV:  8    Int: 18    God:
Gold: 210           SH:  0    Dex: 13    Spells: 7/13 levels left

rFire   + + .      SeeInvis .   n - +6 arbalest "Damnation" {damnation}
rCold   x . .      Faith    .   (shield currently unavailable)
rNeg    . . .      Spirit   +   l - +0 scale mail {rF+}
rPois   .          Reflect  .   (no helmet)
rElec   .          Harm     .   (no cloak)
rCorr   +          Rampage  .   (no gloves)
Will    .....                   (no boots)
Stlth   +.........              (no amulet)
HPRegen 0.15/turn               e - ring of fire
MPRegen 0.26/turn               g - ring of resist corrosion

@: drained
A: powered by pain 1, magic shield, magic regeneration
a: no special abilities


You were on level 6 of the Dungeon.
You visited 1 branch of the dungeon, and saw 4 of its levels.

You collected 210 gold pieces.

Inventory:

Hand Weapons
 k - a +2 vorpal flail
 n - the +6 arbalest "Damnation" (weapon) {damnation}
   (You found it on level 2 of the Dungeon)

   Any ammunition fired from it explodes in a burst of damnation on striking a
   foe, dealing damage which bypasses armour.
Missiles
 o - a curare-tipped dart
Armour
 a - a +0 robe
 l - a +0 scale mail of fire resistance (worn)
Jewellery
 e - a ring of fire (left hand)
 g - a ring of resist corrosion (right hand)
Scrolls
 c - 2 scrolls of magic mapping
 f - a scroll of immolation
 h - a scroll of enchant armour {unknown}
 i - a scroll of enchant weapon
Potions
 b - a potion of magic
 m - a potion of berserk rage {unknown}


   Skills:
 + Level 2.4 Fighting
 + Level 0.2 Short Blades
 + Level 1.4 Maces & Flails
 + Level 4.5 Ranged Weapons
 + Level 2.1 Armour
 + Level 2.6 Dodging
 + Level 2.0 Stealth
 + Level 3.9 Spellcasting
 + Level 5.3 Summonings


You had 7 spell levels left.
You knew the following spells:

 Your Spells              Type           Power      Damage    Failure   Level
a - Summon Small Mammal   Summ           88%        N/A       13%         1
b - Call Imp              Summ           22%        N/A       19%         2
c - Call Canine Familiar  Summ           22%        N/A       36%         3

Your spell library contained the following spells:

 Spells                   Type           Power      Damage    Failure   Level
 Summon Guardian Golem    Hex/Summ       13%        N/A       75%         3
 Summon Lightning Spire   Summ/Air       13%        N/A       98%         4


Dungeon Overview and Level Annotations

Branches:
Dungeon (3/15)

Altars:


Innate Abilities, Weirdness & Mutations

You sometimes gain a little power by taking damage.
When hurt, damage is shared between your health and your magic reserves.
You regenerate magic rapidly.


Message History

You shoot a damnation bolt. The damnation bolt hits the wight.
The wight is lightly damaged.
The damnation bolt explodes!
The damnation engulfs the wight!
The wight is severely damaged.
The damnation engulfs the wight!
The wight is heavily damaged.
Casting: Summon Small Mammal (safe; 13% risk of failure)
Confirm with . or Enter, or press ? or * to list all spells.
The wight barely misses you.
An iguana comes into view.
The wight attacks as you move away! The wight completely misses you.
The wight misses your bat.
Your bat hits the wight but does no damage.
The wight hits your bat with a +3 battleaxe!
Your bat dies!
Your bat's corpse disappears in a puff of smoke!
Casting: Summon Small Mammal (safe; 13% risk of failure)
Confirm with . or Enter, or press ? or * to list all spells.
The wight barely misses you.
Your bat closely misses the wight.
Your bat hits the wight.
Your bat barely misses the wight.
The wight hits your bat with a +0 war axe.
Your bat dies!
Your bat's corpse disappears in a puff of smoke!
Fire: n) +6 arbalest "Damnation" {damnation}
Press: ? - help, Q - select action, (/) - cycle Shift-Dir - straight line, f/p - wight
Aim: a wight, wielding a +0 war axe and wearing a +0 robe (severely damaged, 63% to hit)
You shoot a damnation bolt.
The damnation bolt closely misses the wight.
The wight hits you with a +3 battleaxe.
* * * LOW HITPOINT WARNING * * *
You feel drained. The wight completely misses you.
Casting: Summon Small Mammal (safe; 13% risk of failure)
Confirm with . or Enter, or press ? or * to list all spells.
The wight hits you with a +0 war axe.
* * * LOW HITPOINT WARNING * * *
You feel drained.
* * * LOW HITPOINT WARNING * * *
The wight hits you with a +3 battleaxe!
You die...

#..# ###.~
#########..# ~
?......##..### #
######.##..##§. .#
#.##..##≈. ######.#
#.##..##§.####.......#
#.##...#§....##..)).
#)## #§..§$#..# #..#
#§.@zl...# ##.##
#≈b.z.#.##
###.))######≈≈.####
#...#......#####
#.#...###### ..<##.##
#######.#####
.....)......#
#####...###.#


You could see an iguana, 2 wights and a friendly bat (summoned).

Vanquished Creatures
  2 steam dragons (D:6)
  An orc warrior (D:6)
  A phantom (D:6)
  A kobold brigand (D:6)
  2 wights (D:6)
  A hound (D:6)
  A jelly (D:6)
  2 orc priests (D:3)
  An orc wizard (D:6)
  4 gnolls (D:6)
  2 adders (D:6)
  11 orcs
  2 endoplasms
  3 goblins
  2 hobgoblins
  4 jackals
  2 quokkas
  A ball python (D:3)
  2 bats
  2 frilled lizards (D:2)
  7 kobolds
  2 rats
56 creatures vanquished.

Vanquished Creatures (collateral kills)
  Terence (D:2)
  4 gnolls (D:2)
  A dart slug (D:1)
  2 ball pythons
  An endoplasm (D:1)
  8 goblins
  2 hobgoblins
  4 jackals
  A bat (D:2)
  2 frilled lizards (D:3)
  A kobold (D:3)
  A rat (D:1)
28 creatures vanquished.

Vanquished Creatures (others)
  4 toadstools (D:1)
4 creatures vanquished.

Grand Total: 88 creatures vanquished

Notes
Turn   | Place    | Note
-------+----------+-------------------------------------------
     0 | D:1      | xian the Demonspawn Summoner began the quest for the Orb.
     0 | D:1      | Reached XP level 1. HP: 13/13 MP: 3/3
   719 | D:1      | Gained mutation: You regenerate magic rapidly. [demonic
                  | ancestry]
   719 | D:1      | Reached XP level 2. HP: 18/19 MP: 0/5
  1122 | D:1      | Learned a level 2 spell: Call Imp
  1715 | D:2      | Gained mutation: You sometimes gain a little power by
                  | taking damage. [demonic ancestry]
  1715 | D:2      | Reached XP level 3. HP: 24/24 MP: 2/6
  1790 | D:2      | Learned a level 3 spell: Call Canine Familiar
  1800 | D:2      | Noticed Terence
  1827 | D:2      | Killed Terence
  1828 | D:2      | Reached XP level 4. HP: 23/30 MP: 0/8
  2605 | D:2      | Found the +6 arbalest "Damnation" {damnation}
  2763 | D:3      | Reached XP level 5. HP: 30/36 MP: 10/10
  2787 | D:3      | Reached skill level 5 in Summonings
  2815 | D:3      | You fall into a shaft and drop 3 floors!
  2816 | D:6      | Noticed a steam dragon
  2819 | D:6      | Killed a steam dragon
  2819 | D:6      | Noticed a phantom
  2820 | D:6      | Reached skill level 1 in Fighting
  2820 | D:6      | Reached skill level 1 in Ranged Weapons
  2820 | D:6      | Reached skill level 1 in Armour
  2820 | D:6      | Reached XP level 6. HP: 37/43 MP: 11/11
  2822 | D:6      | Reached skill level 1 in Maces & Flails
  2822 | D:6      | Noticed a steam dragon
  2825 | D:6      | Killed a steam dragon
  2839 | D:6      | Gained mutation: When hurt, damage is shared between your
                  | health and your magic reserves. [demonic ancestry]
  2839 | D:6      | Reached XP level 7. HP: 41/48 MP: 12/12
  3118 | D:6      | Mangled by a wight

Illustrated notes

Levels and vault maps discovered:
D:1:      ldierk_walled_garden_2, layout_loops_ring
D:2:      layout_loops_corners, uniq_terence
D:3:      layout_rooms, ebering_ghost_rock_garden,
          shapermc_ecumenical_altar_starsandcircs
D:6:      cheibrodos_steamvent, layout_loops_ring, kennysheep_mini,
          minmay_temple_entry_glassed_door, lexackson_kobold_supper

Skill      XL: |  1  2  3  4  5  6  7 |
---------------+----------------------+-----
Dodging        | 2 |  2.6
Spellcasting   | 3 |  3.9
Summonings     | 5 |  5.3
Fighting       | 1 2 |  2.4
Ranged Weapons | 1 2 4 |  4.5
Armour         | 1 2 |  2.1
Maces & Flails | 1 |  1.4
Stealth        | 2 |  2.0
Short Blades   | |  0.2

Action                   |  1- 3 |  4- 6 |  7- 9 || total
-------------------------+-------+-------+-------++-------
Melee: Dagger            |    39 |     3 |       ||    42
       Flail             |       |    15 |     5 ||    20
 Fire: Arbalest          |       |    20 |    30 ||    50
 Cast: Summon Small Mamm |    38 |    10 |     8 ||    56
       Call Imp          |     5 |       |       ||     5
       Call Canine Famil |     1 |       |       ||     1
  Use: Scroll            |       |     3 |     5 ||     8
       Potion            |       |     1 |     1 ||     2
Armor: Robe              |    16 |       |       ||    16
       Scale mail        |       |    46 |     8 ||    54
Dodge: Dodged            |    49 |    31 |    13 ||    93
